TOP OF THE 1ST |
Johnson City Cardinals batting - Pitching for Helena Brewers : RHP Cesar Pulido
|
Pitching: RHP Cesar Pulido
|
|
Batting: LHB Ken Compton
|
0-0: Ball 1-0: Ground out 5-3 (Groundball, 56, EV 83.8 MPH)
|
Batting: RHB Nick Latulippe
|
0-0: Ball 1-0: Ground out 3-1 (Groundball, 13, EV 90.0 MPH)
|
Batting: SHB Justin Towry
|
0-0: Ball 1-0: Fly out, F9 (Flyball, 9S, EV 83.8 MPH)
|
Top of the 1st over - 0 runs, 0 hits, 0 errors, 0 left on base; Johnson City 0 - Helena 0 |
BOTTOM OF THE 1ST |
Helena Brewers batting - Pitching for Johnson City Cardinals : LHP Craig Soole
|
Pitching: LHP Craig Soole
|
|
Batting: RHB Wiliama Dana
|
0-0: Foul Ball, location: 2F 0-1: Ball 1-1: Fly out, F3 (Line Drive, 3L, EV 68.1 MPH)
|
Batting: RHB Steve Errico
|
0-0: Called Strike 0-1: Ball 1-1: Ball 2-1: Ball 3-1: SOLO HOME RUN (Flyball, 7D, EV 101.2 MPH), Distance : 380 ft
|
Batting: RHB Jeremy Harden
|
0-0: Called Strike 0-1: SOLO HOME RUN (Flyball, 9D, EV 95.6 MPH), Distance : 375 ft
|
Batting: RHB Chris Fruit
|
0-0: Ball 1-0: Ground out 6-3 (Groundball, 6, EV 89.4 MPH)
|
Batting: RHB Tony Beaumond
|
0-0: Called Strike 0-1: Foul Ball, location: 2F 0-2: Ball 1-2: Fly out, F3 (Popup, 3F, EV 72.5 MPH)
|
Bottom of the 1st over - 2 runs, 2 hits, 0 errors, 0 left on base; Johnson City 0 - Helena 2 |
TOP OF THE 2ND |
Johnson City Cardinals batting - Pitching for Helena Brewers : RHP Cesar Pulido
|
Batting: RHB Sam Daw
|
0-0: Called Strike 0-1: Foul Ball, location: 2F 0-2: Ball 1-2: Ball 2-2: Foul Ball, location: 2F 2-2: Foul Ball, location: 2F 2-2: Ground out 5-3 (Groundball, 56S, EV 88.1 MPH)
|
Batting: RHB McGwire Jones
|
0-0: Ball 1-0: Ball 2-0: DOUBLE (Flyball, 8RXD, EV 109.4 MPH)
|
Batting: SHB Bobby Mercado
|
0-0: Ball 1-0: Called Strike 1-1: Swinging Strike 1-2: Ball 2-2: Ball 3-2: Strikes out looking
|
Batting: RHB Sal Guzman
|
0-0: Ball 1-0: Swinging Strike 1-1: Ball 2-1: Swinging Strike 2-2: Strikes out looking
|
Top of the 2nd over - 0 runs, 1 hit, 0 errors, 1 left on base; Johnson City 0 - Helena 2 |
BOTTOM OF THE 2ND |
Helena Brewers batting - Pitching for Johnson City Cardinals : LHP Craig Soole
|
Batting: RHB Mohammed bin Ubaida
|
0-0: Foul Ball, location: 2F 0-1: Ball 1-1: Called Strike 1-2: Foul Ball, location: 2F 1-2: Ball 2-2: Strikes out swinging
|
Batting: LHB Jose Simental
|
0-0: Called Strike 0-1: Ball 1-1: Foul Ball, location: 2F 1-2: Strikes out swinging
|
Batting: RHB Jesus Menjivar
|
0-0: Called Strike 0-1: Ball 1-1: Swinging Strike 1-2: Foul Ball, location: 2F 1-2: Ball 2-2: Strikes out swinging
|
Bottom of the 2nd over - 0 runs, 0 hits, 0 errors, 0 left on base; Johnson City 0 - Helena 2 |
TOP OF THE 3RD |
Johnson City Cardinals batting - Pitching for Helena Brewers : RHP Cesar Pulido
|
Batting: RHB Nelson Salamanca
|
0-0: Ball 1-0: Called Strike 1-1: Foul Ball, location: 2F 1-2: Ball 2-2: Foul Ball, location: 2F 2-2: Foul Ball, location: 2F 2-2: Ball 3-2: DOUBLE (Line Drive, 7LM, EV 98.8 MPH)
|
Batting: RHB Johnny Lowe
|
0-0: Ball 1-0: Ball 2-0: Foul Ball, location: 2F 2-1: Swinging Strike 2-2: Ball 3-2: Strikes out looking
|
Batting: LHB Ken Compton
|
0-0: Ball 1-0: Ball 2-0: Ground out U3 (Groundball, 3, EV 80.6 MPH) Nelson Salamanca to third
|
Batting: RHB Nick Latulippe
|
0-0: Ground out U3 (Groundball, 34S, EV 79.4 MPH)
|
Top of the 3rd over - 0 runs, 1 hit, 0 errors, 1 left on base; Johnson City 0 - Helena 2 |
BOTTOM OF THE 3RD |
Helena Brewers batting - Pitching for Johnson City Cardinals : LHP Craig Soole
|
Batting: LHB Dusty Bryant
|
0-0: Called Strike 0-1: Ball 1-1: Ball 2-1: Foul Ball, location: 2F 2-2: Strikes out swinging
|
Batting: RHB Wiliama Dana
|
0-0: Ball 1-0: Called Strike 1-1: Ground out 6-3 (Groundball, 6S, EV 80.6 MPH)
|
Batting: RHB Steve Errico
|
0-0: Ball 1-0: Ball 2-0: Swinging Strike 2-1: Fly out, F9 (Flyball, 89S, EV 77.5 MPH)
|
Bottom of the 3rd over - 0 runs, 0 hits, 0 errors, 0 left on base; Johnson City 0 - Helena 2 |
TOP OF THE 4TH |
Johnson City Cardinals batting - Pitching for Helena Brewers : RHP Cesar Pulido
|
Batting: SHB Justin Towry
|
0-0: Ball 1-0: Called Strike 1-1: Ball 2-1: Called Strike 2-2: Foul Ball, location: 2F 2-2: Ball 3-2: Strikes out swinging
|
Batting: RHB Sam Daw
|
0-0: Ball 1-0: Foul Ball, location: 2F 1-1: SINGLE (Line Drive, 78S, EV 95.0 MPH)
|
Batting: RHB McGwire Jones
|
0-0: Ball 1-0: DOUBLE (Groundball, 5L, EV 106.2 MPH) Sam Daw to third
|
Batting: SHB Bobby Mercado
|
0-0: Ball 1-0: Foul Ball, location: 2F 1-1: Swinging Strike 1-2: Foul Ball, location: 2F 1-2: Ball 2-2: Strikes out swinging
|
Batting: RHB Sal Guzman
|
0-0: Ball 1-0: Ball 2-0: Fly out, F8 (Flyball, 8RD, EV 85.0 MPH)
|
Top of the 4th over - 0 runs, 2 hits, 0 errors, 2 left on base; Johnson City 0 - Helena 2 |
BOTTOM OF THE 4TH |
Helena Brewers batting - Pitching for Johnson City Cardinals : LHP Craig Soole
|
Batting: RHB Jeremy Harden
|
0-0: Foul Ball, location: 2F 0-1: Foul Ball, location: 2F 0-2: Foul Ball, location: 2F 0-2: Ball 1-2: SINGLE (Line Drive, 34D, EV 109.4 MPH)
|
Batting: RHB Chris Fruit
|
0-0: Called Strike 0-1: Called Strike 0-2: Ball 1-2: Fly out, F9 (Flyball, 9LM, EV 98.8 MPH)
|
Batting: RHB Tony Beaumond
|
0-0: Foul Ball, location: 2F 0-1: Swinging Strike 0-2: Foul Ball, location: 2F 0-2: Foul Ball, location: 2F 0-2: Ball 1-2: Foul Ball, location: 2F Pickoff Throw to First - Out! 1-3 1-2: Ball 2-2: Foul Ball, location: 2F 2-2: Strikes out swinging
|
Bottom of the 4th over - 0 runs, 1 hit, 0 errors, 0 left on base; Johnson City 0 - Helena 2 |
TOP OF THE 5TH |
Johnson City Cardinals batting - Pitching for Helena Brewers : RHP Cesar Pulido
|
Batting: RHB Nelson Salamanca
|
0-0: Ground out 6-3 (Groundball, 6D, EV 89.4 MPH)
|
Batting: RHB Johnny Lowe
|
0-0: Ball 1-0: Ground out 4-3 (Groundball, 4, EV 85.6 MPH)
|
Batting: LHB Ken Compton
|
0-0: Fly out, F9 (Flyball, 89M, EV 95.0 MPH)
|
Top of the 5th over - 0 runs, 0 hits, 0 errors, 0 left on base; Johnson City 0 - Helena 2 |
BOTTOM OF THE 5TH |
Helena Brewers batting - Pitching for Johnson City Cardinals : LHP Craig Soole
|
Batting: RHB Mohammed bin Ubaida
|
0-0: Called Strike 0-1: Swinging Strike 0-2: Strikes out swinging
|
Batting: LHB Jose Simental
|
0-0: Fly out, F7 (Flyball, 7LD, EV 97.5 MPH)
|
Batting: RHB Jesus Menjivar
|
0-0: Ball 1-0: Ground out 5-3 (Groundball, 56S, EV 81.2 MPH)
|
Bottom of the 5th over - 0 runs, 0 hits, 0 errors, 0 left on base; Johnson City 0 - Helena 2 |
TOP OF THE 6TH |
Johnson City Cardinals batting - Pitching for Helena Brewers : RHP Cesar Pulido
|
Batting: RHB Nick Latulippe
|
0-0: Ball 1-0: Foul Ball, location: 2F 1-1: Foul Ball, location: 2F 1-2: Ground out 5-3 (Groundball, 5S, EV 94.4 MPH)
|
Batting: SHB Justin Towry
|
0-0: Ball 1-0: Ball 2-0: SINGLE (Groundball, 4MD, EV 104.4 MPH)
|
Batting: RHB Sam Daw
|
0-0: Ball 1-0: Foul Ball, location: 2F 1-1: Swinging Strike 1-2: Foul Ball, location: 2F 1-2: Ball 2-2: Strikes out swinging
|
Batting: RHB McGwire Jones
|
0-0: Fly out, F8 (Flyball, 8LM, EV 87.5 MPH)
|
Top of the 6th over - 0 runs, 1 hit, 0 errors, 1 left on base; Johnson City 0 - Helena 2 |
BOTTOM OF THE 6TH |
Helena Brewers batting - Pitching for Johnson City Cardinals : LHP Craig Soole
|
Batting: LHB Dusty Bryant
|
0-0: Ground out U3 (Groundball, 3L, EV 110.0 MPH)
|
Batting: RHB Wiliama Dana
|
0-0: Called Strike 0-1: Fly out, F9 (Line Drive, 9, EV 91.9 MPH)
|
Batting: RHB Steve Errico
|
0-0: Swinging Strike 0-1: Ball 1-1: Foul Ball, location: 2F 1-2: Foul Ball, location: 2F 1-2: SINGLE (Groundball, 6M, EV 101.9 MPH)
|
Batting: RHB Jeremy Harden
|
0-0: Ball 1-0: Ball 2-0: Ball 3-0: Called Strike 3-1: Base on Balls Steve Errico to second
|
Batting: RHB Chris Fruit
|
0-0: Called Strike 0-1: Ball 1-1: Ball Wild Pitch! Steve Errico to third Jeremy Harden to second 2-1: Swinging Strike 2-2: Foul Ball, location: 2F 2-2: Foul Ball, location: 2F 2-2: Ball 3-2: Base on Balls
|
Batting: RHB Tony Beaumond
|
0-0: Called Strike 0-1: Ball 1-1: Ball 2-1: Fly out, F8 (Line Drive, 89M, EV 106.9 MPH)
|
Bottom of the 6th over - 0 runs, 1 hit, 0 errors, 3 left on base; Johnson City 0 - Helena 2 |
TOP OF THE 7TH |
Johnson City Cardinals batting - Pitching for Helena Brewers : RHP Cesar Pulido
|
Batting: SHB Bobby Mercado
|
0-0: Called Strike 0-1: Called Strike 0-2: Foul Ball, location: 2F 0-2: Strikes out swinging
|
Pitching: RHP Zach Green
|
|
Batting: RHB Sal Guzman
|
0-0: Ball 1-0: Ball 2-0: Ground out 6-3 (Groundball, 56D, EV 86.2 MPH)
|
Batting: RHB Nelson Salamanca
|
0-0: Foul Ball, location: 2F 0-1: Ball 1-1: Ground out 4-3 (Groundball, 4, EV 91.2 MPH)
|
Top of the 7th over - 0 runs, 0 hits, 0 errors, 0 left on base; Johnson City 0 - Helena 2 |
BOTTOM OF THE 7TH |
Helena Brewers batting - Pitching for Johnson City Cardinals : LHP Craig Soole
|
Batting: RHB Mohammed bin Ubaida
|
0-0: Ball 1-0: Foul Ball, location: 2F 1-1: Ball 2-1: Called Strike 2-2: Strikes out swinging
|
Batting: LHB Jose Simental
|
0-0: Ball 1-0: Ball 2-0: Ball 3-0: Called Strike 3-1: Swinging Strike 3-2: Fly out, F3 (Flyball, 3D, EV 81.2 MPH)
|
Batting: RHB Jesus Menjivar
|
0-0: Called Strike 0-1: Fly out, F4 (Line Drive, 4, EV 73.8 MPH)
|
Bottom of the 7th over - 0 runs, 0 hits, 0 errors, 0 left on base; Johnson City 0 - Helena 2 |
TOP OF THE 8TH |
Johnson City Cardinals batting - Pitching for Helena Brewers : RHP Zach Green
|
Batting: RHB Johnny Lowe
|
0-0: Ball 1-0: Foul Ball, location: 2F 1-1: Ball 2-1: Foul Ball, location: 2F 2-2: Ground out 4-3 (Groundball, 4, EV 81.2 MPH)
|
Batting: LHB Ken Compton
|
0-0: Called Strike 0-1: Ball 1-1: Ball 2-1: Swinging Strike 2-2: Strikes out swinging
|
Batting: RHB Nick Latulippe
|
0-0: Called Strike 0-1: Ball 1-1: Ball 2-1: Foul Ball, location: 2F 2-2: Ball 3-2: Foul Ball, location: 2F 3-2: Fly out, F8 (Flyball, 8LXD, EV 86.2 MPH)
|
Top of the 8th over - 0 runs, 0 hits, 0 errors, 0 left on base; Johnson City 0 - Helena 2 |
BOTTOM OF THE 8TH |
Helena Brewers batting - Pitching for Johnson City Cardinals : LHP Craig Soole
|
Pitching: LHP Kevin Turner
|
|
Batting: LHB Dusty Bryant
|
0-0: Called Strike 0-1: Ball 1-1: Foul Ball, location: 2F 1-2: Strikes out looking
|
Batting: RHB Wiliama Dana
|
0-0: Ball 1-0: Called Strike 1-1: Ball 2-1: Ball 3-1: Swinging Strike 3-2: Foul Ball, location: 2F 3-2: SINGLE (Line Drive, 7LS, EV 111.2 MPH)
|
Batting: RHB Steve Errico
|
0-0: Fielders Choice at 2nd, 6-4 (Groundball, 6, EV 88.8 MPH)
|
Batting: RHB Jeremy Harden
|
0-0: Ball 1-0: Hit by Pitch Steve Errico to second
|
Batting: RHB Chris Fruit
|
0-0: Ball 1-0: Called Strike 1-1: Ball 2-1: Fielders Choice at 2nd, 5-4 (Groundball, 5, EV 86.9 MPH)
|
Bottom of the 8th over - 0 runs, 1 hit, 0 errors, 2 left on base; Johnson City 0 - Helena 2 |
TOP OF THE 9TH |
Johnson City Cardinals batting - Pitching for Helena Brewers : RHP Zach Green
|
Pitching: RHP Alejandro Souto
|
|
Now in RF: Mark Backstrom
|
|
Batting: SHB Justin Towry
|
0-0: Ball 1-0: Foul Ball, location: 2F 1-1: Ball 2-1: Swinging Strike 2-2: Foul Ball, location: 2F 2-2: Strikes out swinging
|
Batting: RHB Sam Daw
|
0-0: Called Strike 0-1: Foul Ball, location: 2F 0-2: Ball 1-2: Fly out, F3 (Popup, 3DF, EV 56.9 MPH)
|
Batting: RHB McGwire Jones
|
0-0: Ball 1-0: Swinging Strike 1-1: Foul Ball, location: 2F 1-2: Ball 2-2: Fly out, F8 (Flyball, 8LM, EV 76.2 MPH)
|
Top of the 9th over - 0 runs, 0 hits, 0 errors, 0 left on base; Johnson City 0 - Helena 2 |
|